 Dungeon Crawl Stone Soup version 0.23.2-30-g0e89c35649 (webtiles) character file.

Game seed: 7979337400087197818

135 Belius the Vexing (level 4, 0/24 HPs)
             Began as a Deep Elf Enchanter on June 21, 2019.
             Killed from afar by Sigmund (5 damage)
             ... with a puff of flame
             ... on level 3 of the Dungeon.
             The game lasted 00:08:58 (4280 turns).

Belius the Vexing (Deep Elf Enchanter)              Turns: 4280, Time: 00:08:58

Health: 0/24       AC:  3    Str:  5    XL:     4   Next: 97%
Magic:  8/12       EV: 13    Int: 20    God:
Gold:   124        SH:  0    Dex: 16    Spells: 2/11 levels left

rFire    . . .     SeeInvis .   a - +1 dagger
rCold    . . .     Gourm    .   (no shield)
rNeg     . . .     Faith    .   b - +0 robe
rPois    .         Spirit   .   e - +0 helmet
rElec    .         Reflect  .   (no cloak)
rCorr    .         Harm     .   (no gloves)
MR       .....                  (no boots)
Stlth    +++.......             (no amulet)
HPRegen  0.08/turn              (no ring)
MPRegen  0.13/turn              (no ring)

@: slowed, very slow
A: no striking features
a: no special abilities


You were on level 3 of the Dungeon.
You were hungry.

You visited 1 branch of the dungeon, and saw 3 of its levels.

You collected 124 gold pieces.

Inventory:

Hand Weapons
 a - a +1 dagger (weapon)
Armour
 b - a +0 robe (worn)
 e - a +0 helmet (worn)
Jewellery
 n - a cursed -2 ring of slaying {unknown}
Wands
 r - a wand of digging (4)
Scrolls
 c - a scroll of teleportation {unknown}
 f - a scroll of amnesia {unknown}
 g - 2 scrolls of identify
 h - 3 scrolls of remove curse {unknown}
 j - a scroll of enchant weapon {unknown}
 k - a scroll of fog {unknown}
Potions
 i - a potion of heal wounds {unknown}
 l - a potion of lignification {unknown}
 m - 2 potions of berserk rage
 o - a potion of brilliance {unknown}
 p - a potion of mutation {unknown}
 q - a potion of haste {unknown}
Comestibles
 d - 6 rations


   Skills:
 + Level 1.5 Short Blades
 + Level 3.0 Dodging
 + Level 4.9 Stealth
 + Level 4.4 Spellcasting
 + Level 5.1 Hexes


You had 2 spell levels left.
You knew the following spells:

 Your Spells              Type           Power        Failure   Level  Hunger
a - Corona                Hex            ####...      1%          1    None
b - Ensorcelled Hibernat  Hex/Ice        ##....       6%          2    #......
c - Confuse               Hex            ####....     4%          3    ###....
d - Dazzling Spray        Conj/Hex       ##....       13%         3    ###....

Your spell library contained the following spells:

 Spells                   Type           Power        Failure   Level  Hunger
 Tukima's Dance           Hex            ####....     4%          3    ###....


Dungeon Overview and Level Annotations

Branches:
Dungeon (3/15)

Altars:
Hepliaklqana
Xom

Annotations:
D:3 Sigmund


Message History

The magic dart hits you. The orc wizard casts a spell at you.
You feel yourself slow down. The orc wizard casts a spell at you.
You feel as though you will be slow longer.
The orc closely misses you.
The jackal barks!
The orc hits you but does no damage.
Sigmund shouts!
You hear a shout! x2
Sigmund casts a spell at you. The puff of flame hits you!
Sigmund points at you and mumbles some strange words.
The magic dart hits you.
* * * LOW HITPOINT WARNING * * *
Okay, then.
Okay, then.
The orc hits you but does no damage. Sigmund casts a spell at you.
The puff of flame hits you.
You die...

... ....... ......# #.......#.##
......# ######.......#..# ......#
#...............# ......#
#...!.....@....... ......#
#............. ..#
......###...........# ...##
......#...h...#.....# .....
##......o...(.#.@o..##.....#'##..
........o.h...###oh..............
.........o.....##..o..#..........
....(h###......##.....# ......
....#.# #......##.o...# ....#
....#.#######.........#####...# .
..###.................'...o.>.##.
#############.........####.......
.'......### #........... #.......


You could see Sigmund, an orc wizard, 3 orcs and a jackal.

Vanquished Creatures
  5 adders
  2 oozes
  3 worms
  3 dart slugs (D:3)
  3 leopard geckos
  An orc (D:3)
  4 giant cockroaches
  7 goblins
  4 hobgoblins
  5 jackals (D:3)
  8 kobolds
  A quokka (D:3)
  12 bats
  4 frilled lizards
  7 rats
69 creatures vanquished.

Notes
Turn   | Place    | Note
-------+----------+-------------------------------------------
     0 | D:1      | Belius the Deep Elf Enchanter began the quest for the Orb.
     0 | D:1      | Reached XP level 1. HP: 10/10 MP: 6/6
   325 | D:1      | Reached XP level 2. HP: 15/15 MP: 8/8
   987 | D:1      | Learned a level 2 spell: Ensorcelled Hibernation
  1692 | D:2      | Reached XP level 3. HP: 5/19 MP: 0/9
  2090 | D:2      | Learned a level 3 spell: Confuse
  2667 | D:2      | Reached skill level 5 in Hexes
  3125 | D:2      | Reached XP level 4. HP: 21/24 MP: 8/11
  3189 | D:2      | Found a hazy altar of Hepliaklqana.
  3190 | D:2      | Found a shimmering altar of Xom.
  3190 | D:2      | Noticed an insubstantial wisp
  3191 | D:2      | Noticed a spectral ugly thing
  3191 | D:2      | Noticed an insubstantial wisp
  3410 | D:3      | Noticed a hippogriff
  3417 | D:3      | Noticed Sigmund
  3744 | D:3      | Learned a level 3 spell: Dazzling Spray
  4280 | D:3      | Killed from afar by Sigmund

Skill      XL: |  1  2  3  4 |
---------------+-------------+-----
Stealth        | 4 |  4.9
Hexes          | 5 |  5.1
Spellcasting   | 4 |  4.4
Dodging        | 3 |  3.0
Short Blades   | |  1.5

Action                   |  1- 3 |  4- 6 || total
-------------------------+-------+-------++-------
Melee: Dagger            |   134 |    84 ||   218
 Cast: Corona            |    13 |     1 ||    14
       Ensorcelled Hiber |    11 |    21 ||    32
       Confuse           |    14 |     7 ||    21
       Dazzling Spray    |       |     1 ||     1
  Use: Scroll            |       |     1 ||     1
 Stab: Sleeping          |    11 |    21 ||    32
       Confused          |     8 |     2 ||    10
  Eat: Chunk             |     4 |     5 ||     9
       Ration            |     1 |       ||     1
Armor: Robe              |    48 |    18 ||    66
Dodge: Dodged            |   135 |    58 ||   193
